COLUMBUS vs NEW YORK I

Created - Monday, February 26, 2018 at 17:55

Goals
1 2 3 T
COLUMBUS 2 1 1 4
NEW YORK I 1 1 1 3
Shots
1 2 3 T
COLUMBUS 15 10 16 41
NEW YORK I 8 6 11 25

1st period

1. COLUMBUS , Mark Letestu 13 (Ben Chiarot 2, Jake McCabe 12) at 3:35
2. NEW YORK I , Sam Bennett 3 (Esa Lindell 19, Ryan Callahan 3) at 13:23
3. COLUMBUS , John Tavares 17 (John Carlson 21, Andre Burakovsky 7) at 17:54 (PP)

Penalties :
Ben Chiarot (CBJ) for Roughing (Minor) at 14:55, Jason Garrison (NYI) for Holding Stick (Minor) at 17:06

2nd period

4. NEW YORK I , Josh Bailey 9 (Dan Hamhuis 20) at 3:19
5. COLUMBUS , Jay Beagle 5 (Jacob Trouba 35, Brian Boyle 10) at 7:07

Penalties :
Esa Lindell (NYI) for Holding (Minor) at 12:34, John Tavares (CBJ) for Holding (Minor) at 16:29

3rd period

6. COLUMBUS , Jonathan Drouin 23 (Dustin Byfuglien 33, John Tavares 29) at 0:10
7. NEW YORK I , Patrick Eaves 23 (Johnny Boychuk 24, Sean Monahan 38) at 11:24 (PP)

Penalties :
Ben Chiarot (CBJ) for Hooking (Minor) at 1:23, Josh Bailey (NYI) for Roughing (Minor) at 4:17, Jacob Trouba (CBJ) for Interference (Minor) at 10:24, Eric Gryba (CBJ) for Roughing (Minor) at 11:41, Patrick Maroon (NYI) for Hooking (Minor) at 12:00, Patrick Maroon (NYI) for Hooking (Minor) at 15:10

Goalie Stats

Keith Kinkaid (CBJ), 22 saves from 25 shots - (0.880), W, 5-2-2, 60:00 minutes
Scott Darling (NYI), 37 saves from 41 shots - (0.902), L, 12-6-1, 59:18 minutes

Players Stats for COLUMBUS

Player Name              G  A  P  +/- PIM S  H  SB GA TA FO     MP     PP MP  PK MP  
------------------------------------------------------------------------------------
Aleksander Barkov        0  0  0  -1  0   3  4  0  0  0  14/21  16:24   2:52   0:03 
Andre Burakovsky         0  1  1   0  0   2  0  0  0  0  0/1    20:04   4:12   0:00 
Ben Chiarot              0  1  1   0  4   0  4  1  0  0  0/0    13:02   0:00   0:34 
Brian Boyle              0  1  1   1  0   0  0  0  0  0  0/0     3:01   0:00   0:00 
Colton Sceviour          0  0  0   1  0   0  0  0  0  0  0/0     3:01   0:00   0:00 
Derek MacKenzie          0  0  0   0  0   0  0  0  0  0  0/0     0:00   0:00   0:00 
Dustin Byfuglien         0  1  1   1  0   0  2  2  0  0  0/0    24:54   3:42   3:30 
Eric Gryba               0  0  0   0  2   0  0  0  0  0  0/0     2:52   0:00   0:00 
Jacob Trouba             0  1  1   0  2   3  4  1  0  0  0/0    22:01   3:22   3:12 
Jake McCabe              0  1  1   0  0   2  4  0  0  0  0/0    12:30   0:00   0:00 
Jaromir Jagr             0  0  0  -1  0   2  0  0  0  0  1/2    16:07   2:38   0:00 
Jay Beagle               1  0  1   1  0   2  0  0  0  0  6/15    8:00   0:37   4:06 
John Carlson             0  1  1   1  0   4  0  1  0  0  0/0    22:01   3:42   3:30 
John Tavares             1  1  2   0  2   6  1  0  0  0  19/31  21:25   4:12   0:00 
Jonathan Drouin          1  0  1   0  0   4  1  0  0  0  0/0    21:26   4:12   0:00 
Leo Komarov              0  0  0   1  0   3  4  1  0  0  0/2    17:06   0:00   5:10 
Mark Letestu             1  0  1   1  0   3  0  0  0  0  0/1    15:03   0:00   3:07 
Mattias Ekholm           0  0  0   0  0   1  0  0  0  0  0/0    22:36   3:22   3:46 
Max Domi                 0  0  0  -1  0   3  0  0  0  0  0/0    15:52   2:29   0:12 
Radek Faksa              0  0  0   1  0   3  0  0  0  0  12/18  13:34   0:00   1:54 

Players Stats for NEW YORK I

Player Name              G  A  P  +/- PIM S  H  SB GA TA FO     MP     PP MP  PK MP  
------------------------------------------------------------------------------------
Austin Watson            0  0  0   0  0   0  0  0  0  0  0/0     6:27   0:46   5:12 
Brandon Saad             0  0  0  -1  0   3  1  0  0  0  0/1    19:58   3:03   0:00 
Chris VandeVelde         0  0  0   0  0   0  0  0  0  0  0/1     3:49   0:00   0:00 
Dan Hamhuis              0  1  1   2  0   0  0  1  0  0  0/0    22:16   4:25   3:20 
Esa Lindell              0  1  1   2  2   0  1  0  0  0  0/0    21:24   4:25   2:29 
Jason Garrison           0  0  0   0  2   0  1  3  0  0  0/0    13:24   0:00   0:51 
Johnny Boychuk           0  1  1  -3  0   2  2  4  0  0  0/0    25:10   2:51   3:44 
Josh Bailey              1  0  1  -1  2   3  2  0  0  0  0/2    12:02   0:00   0:00 
Kyle Clifford            0  0  0   0  0   0  0  0  0  0  0/0     0:00   0:00   0:00 
Logan Couture            0  0  0  -1  0   3  0  1  0  0  6/23   21:02   3:27   0:00 
Marcus Foligno           0  0  0   0  0   0  1  0  0  0  0/0     5:12   0:00   1:52 
Nicklas Grossmann        0  0  0   0  0   0  0  1  0  0  0/0    12:34   0:00   0:00 
Patrick Eaves            1  0  1  -1  0   4  2  0  0  0  1/2    21:52   3:27   1:52 
Patrick Maroon           0  0  0   1  4   2  1  0  0  0  0/2    15:22   3:48   0:00 
Radko Gudas              0  0  0  -3  0   1  0  2  0  0  0/0    25:10   2:51   3:44 
Ryan Callahan            0  1  1   1  0   1  0  0  0  0  0/1    11:35   0:00   0:00 
Ryan Strome              0  0  0  -1  0   1  1  0  0  0  4/7    16:30   3:49   0:00 
Sam Bennett              1  0  1   1  0   3  0  0  0  0  7/10   11:35   0:00   0:00 
Sean Monahan             0  1  1  -1  0   2  2  0  0  0  21/42  25:49   3:27   5:12 

3 Stars

1 - Jay Beagle (CBJ)
2 - Mark Letestu (CBJ)
3 - John Tavares (CBJ)

Power Play

COLUMBUS - 1 on 5 Attempt(s) - 20.00%
NEW YORK I - 1 on 5 Attempt(s) - 20.00%

Penalty Kill

COLUMBUS - 4 on 5 Attempt(s) - 80.00% - Score 0 goal in Penalty Kill
NEW YORK I - 4 on 5 Attempt(s) - 80.00% - Score 0 goal in Penalty Kill

Team Stat

COLUMBUS - Hits : 24 - Faceoff Wins : 52 - Blocked Shots : 6 - Penalty Minutes : 10
NEW YORK I - Hits : 14 - Faceoff Wins : 39 - Blocked Shots : 12 - Penalty Minutes : 10

Official

Referees : Unknown
Linesman : Unknown

Game Notes

No Game Note

Finance

Level 1 -- Attendance: 4080 (68.00%) -- Ticket Income $408,000
Level 2 -- Attendance: 3472 (69.44%) -- Ticket Income $208,320
Level 3 -- Attendance: 1772 (88.60%) -- Ticket Income $62,020
Level 4 -- Attendance: 3680 (92.00%) -- Ticket Income $73,600
Luxury Box -- Attendance: 692 (69.20%) -- Ticket Income $138,400
Game was played at the Nassau Coliseum.
Total Attendance: 13696 (76.09%)
Total Ticket Income: $890,340
Total Income: $890,340

COLUMBUS

5 vs 5 Forward 
   Center                   Left Wing                Right Wing               Time % Phy DF OF 
 1 John Tavares             Jonathan Drouin          Andre Burakovsky         35     0   1  4  
 2 Aleksander Barkov        Max Domi                 Jaromir Jagr             30     1   1  3  
 3 Radek Faksa              Leo Komarov              Mark Letestu             25     1   3  1  
 4 Jay Beagle               Colton Sceviour          Brian Boyle              10     1   3  1  

5 vs 5 Defense 
   Defense                  Defense                                           Time % Phy DF OF 
 1 Dustin Byfuglien         John Carlson                                      35     1   2  2  
 2 Jacob Trouba             Mattias Ekholm                                    30     1   2  2  
 3 Jake McCabe              Ben Chiarot                                       25     1   2  2  
 4 Eric Gryba               Dustin Byfuglien                                  10     1   2  2  

PowerPlay Forward 
   Center                   Left Wing                Right Wing               Time % Phy DF OF 
 1 John Tavares             Jonathan Drouin          Andre Burakovsky         60     0   0  5  
 2 Aleksander Barkov        Max Domi                 Jaromir Jagr             40     0   1  4  

PowerPlay Defense
   Defense                  Defense                                           Time % Phy DF OF 
 1 Dustin Byfuglien         John Carlson                                      60     1   2  2  
 2 Jacob Trouba             Mattias Ekholm                                    40     1   2  2  

Penalty Kill 4 Players Forward 
   Center                   Wing                     Time % Phy DF OF 
 1 Jay Beagle               Leo Komarov              60     1   3  1  
 2 Radek Faksa              Mark Letestu             40     1   3  1  

Penalty Kill 4 Players Defense
   Defense                  Defense                  Time % Phy DF OF 
 1 Dustin Byfuglien         John Carlson             60     1   3  1  
 2 Jacob Trouba             Mattias Ekholm           40     1   3  1  

Penalty Kill - 3 Players Forward 
   Forward                                           Time % Phy DF OF 
 1 Jay Beagle                                        60     1   4  0  
 2 Radek Faksa                                       40     1   4  0  

Penalty Kill - 3 Players Defense
   Defense                  Defense                  Time % Phy DF OF 
 1 Dustin Byfuglien         John Carlson             60     1   4  0  
 2 Jacob Trouba             Mattias Ekholm           40     1   4  0  

4 vs 4 Forward 
   Center                   Wing                     Time % Phy DF OF 
 1 John Tavares             Jonathan Drouin          60     1   2  2  
 2 Aleksander Barkov        Jaromir Jagr             40     1   2  2  

4 vs 4 Defense
   Defense                  Defense                  Time % Phy DF OF 
 1 Dustin Byfuglien         John Carlson             60     1   2  2  
 2 Jacob Trouba             Mattias Ekholm           40     1   2  2  

Last Minutes Offensive
   Center                   Left Wing                Right Wing               Defense                  Defense                  
   John Tavares             Jonathan Drouin          Jaromir Jagr             Dustin Byfuglien         John Carlson             

Last Minutes Defensive
   Center                   Left Wing                Right Wing               Defense                  Defense                  
   Jay Beagle               Leo Komarov              Mark Letestu             Dustin Byfuglien         John Carlson             

Goaltenders
Starting : Keith Kinkaid            
Backup : Corey Crawford           

Extra Forwards
Normal : Jay Beagle, Derek MacKenzie, Mark Letestu - PP : Jay Beagle, Derek MacKenzie - PK : Mark Letestu
Extra Defensemen
Normal : Jake McCabe, Ben Chiarot, Eric Gryba - PP : Jake McCabe - PK : Ben Chiarot, Eric Gryba
Penalty Shots
Dustin Byfuglien, John Tavares, Aleksander Barkov, Jonathan Drouin, Jaromir Jagr

Scratches
Curtis Lazar (Healthy), CBJ CAP HIT (Suspend)

NEW YORK I

5 vs 5 Forward 
   Center                   Left Wing                Right Wing               Time % Phy DF OF 
 1 Logan Couture            Brandon Saad             Patrick Eaves            35     1   2  2  
 2 Sean Monahan             Josh Bailey              Ryan Strome              30     1   2  2  
 3 Sam Bennett              Patrick Maroon           Ryan Callahan            25     1   2  2  
 4 Sean Monahan             Marcus Foligno           Chris VandeVelde         10     1   2  2  

5 vs 5 Defense 
   Defense                  Defense                                           Time % Phy DF OF 
 1 Radko Gudas              Johnny Boychuk                                    35     1   2  2  
 2 Esa Lindell              Dan Hamhuis                                       30     1   2  2  
 3 Nicklas Grossmann        Jason Garrison                                    25     1   2  2  
 4 Radko Gudas              Johnny Boychuk                                    10     1   2  2  

PowerPlay Forward 
   Center                   Left Wing                Right Wing               Time % Phy DF OF 
 1 Sean Monahan             Logan Couture            Patrick Eaves            60     1   2  2  
 2 Ryan Strome              Brandon Saad             Patrick Maroon           40     1   2  2  

PowerPlay Defense
   Defense                  Defense                                           Time % Phy DF OF 
 1 Radko Gudas              Johnny Boychuk                                    60     1   2  2  
 2 Esa Lindell              Dan Hamhuis                                       40     1   2  2  

Penalty Kill 4 Players Forward 
   Center                   Wing                     Time % Phy DF OF 
 1 Sean Monahan             Austin Watson            60     1   2  2  
 2 Patrick Eaves            Marcus Foligno           40     1   2  2  

Penalty Kill 4 Players Defense
   Defense                  Defense                  Time % Phy DF OF 
 1 Radko Gudas              Johnny Boychuk           60     1   2  2  
 2 Esa Lindell              Dan Hamhuis              40     1   2  2  

Penalty Kill - 3 Players Forward 
   Forward                                           Time % Phy DF OF 
 1 Sean Monahan                                      60     1   2  2  
 2 Logan Couture                                     40     1   2  2  

Penalty Kill - 3 Players Defense
   Defense                  Defense                  Time % Phy DF OF 
 1 Radko Gudas              Johnny Boychuk           60     1   2  2  
 2 Esa Lindell              Dan Hamhuis              40     1   2  2  

4 vs 4 Forward 
   Center                   Wing                     Time % Phy DF OF 
 1 Sean Monahan             Logan Couture            60     1   2  2  
 2 Ryan Strome              Brandon Saad             40     1   2  2  

4 vs 4 Defense
   Defense                  Defense                  Time % Phy DF OF 
 1 Radko Gudas              Johnny Boychuk           60     1   2  2  
 2 Esa Lindell              Dan Hamhuis              40     1   2  2  

Last Minutes Offensive
   Center                   Left Wing                Right Wing               Defense                  Defense                  
   Sean Monahan             Logan Couture            Patrick Eaves            Radko Gudas              Johnny Boychuk           

Last Minutes Defensive
   Center                   Left Wing                Right Wing               Defense                  Defense                  
   Sean Monahan             Logan Couture            Patrick Eaves            Radko Gudas              Johnny Boychuk           

Goaltenders
Starting : Scott Darling            
Backup : Jacob Markstrom          

Extra Forwards
Normal : Austin Watson, Chris VandeVelde, Kyle Clifford - PP : Austin Watson, Chris VandeVelde - PK : Kyle Clifford
Extra Defensemen
Normal : Nicklas Grossmann, Jason Garrison, Esa Lindell - PP : Nicklas Grossmann - PK : Jason Garrison, Esa Lindell
Penalty Shots
Sean Monahan, Logan Couture, Patrick Eaves, Brandon Saad, Josh Bailey

Scratches
NYI CAP HIT (Suspend), Brad Hunt (Healthy), Adam Clendening (Healthy)

% Time on Ice - COLUMBUS

Lines # - Real PCT - Wanted PCT - Time Play
Normal Forward
1 - 36% - 35% - 15:52
2 - 30% - 30% - 13:11
3 - 27% - 25% - 11:40
4 - 7% - 10% - 3:01
Normal Defense
1 - 31% - 35% - 13:41
2 - 34% - 30% - 14:40
3 - 29% - 25% - 12:30
4 - 7% - 10% - 2:53
PP Forward
1 - 59% - 60% - 4:12
2 - 41% - 40% - 2:52
PP Defense
1 - 52% - 60% - 3:42
2 - 48% - 40% - 3:22
PK Forward
1 - 74% - 60% - 5:22
2 - 26% - 40% - 1:54
PK Defense
1 - 48% - 60% - 3:30
2 - 52% - 40% - 3:46
PK3 Forward
1 - 0% - 60%
2 - 0% - 40%
PK3 Defense
1 - 0% - 60%
2 - 0% - 40%
44 Forward
1 - 82% - 60% - 1:22
2 - 18% - 40% - 0:18
44 Defense
1 - 52% - 60% - 0:52
2 - 48% - 40% - 0:48
Last Minute Offensive  - 0:00
Last Minute Defensive  - 0:16
Total
Forward - 60:00
Defense - 60:00

% Time on Ice - NEW YORK I

Lines # - Real PCT - Wanted PCT - Time Play
Normal Forward
1 - 38% - 35% - 16:17
2 - 28% - 30% - 12:03
3 - 27% - 25% - 11:35
4 - 8% - 10% - 3:20
Normal Defense
1 - 36% - 35% - 15:22
2 - 32% - 30% - 13:53
3 - 28% - 25% - 12:05
4 - 4% - 10% - 1:55
PP Forward
1 - 47% - 60% - 3:27
2 - 53% - 40% - 3:49
PP Defense
1 - 39% - 60% - 2:51
2 - 61% - 40% - 4:25
PK Forward
1 - 74% - 60% - 5:12
2 - 26% - 40% - 1:52
PK Defense
1 - 53% - 60% - 3:44
2 - 47% - 40% - 3:20
PK3 Forward
1 - 0% - 60%
2 - 0% - 40%
PK3 Defense
1 - 0% - 60%
2 - 0% - 40%
44 Forward
1 - 62% - 60% - 1:02
2 - 38% - 40% - 0:38
44 Defense
1 - 62% - 60% - 1:02
2 - 38% - 40% - 0:38
Last Minute Offensive  - 0:45
Last Minute Defensive  - 0:00
Total
Forward - 60:00
Defense - 60:00

Play by Play

1st period


0:01 of 1st period - Logan Couture wins face-off versus John Tavares in neutral zone.
0:14 of 1st period - Shot by Jonathan Drouin.
0:14 of 1st period - Stopped by Scott Darling with a rebound.
0:16 of 1st period - Shot by Jonathan Drouin.
0:16 of 1st period - Shot Misses the Net.
0:36 of 1st period - Shot by Andre Burakovsky.
0:36 of 1st period - Stopped by Scott Darling without a rebound.
0:37 of 1st period - Aleksander Barkov wins face-off versus Sean Monahan in NEW YORK I zone.
0:37 of 1st period - Jacob Trouba is hit by Esa Lindell and loses puck.
0:55 of 1st period - Icing by Jacob Trouba.
0:56 of 1st period - Aleksander Barkov wins face-off versus Sam Bennett in COLUMBUS zone.
1:00 of 1st period - Jacob Trouba is hit by Jason Garrison and loses puck.
1:22 of 1st period - Icing by Mattias Ekholm.
1:23 of 1st period - Sean Monahan wins face-off versus Jaromir Jagr in COLUMBUS zone.
1:35 of 1st period - Aleksander Barkov is hit by Johnny Boychuk and loses puck.
1:54 of 1st period - Shot by Radko Gudas.
1:54 of 1st period - Stopped by Keith Kinkaid without a rebound.
1:55 of 1st period - Radek Faksa wins face-off versus Logan Couture in COLUMBUS zone.
2:06 of 1st period - Shot by Leo Komarov.
2:06 of 1st period - Stopped by Scott Darling without a rebound.
2:07 of 1st period - Sam Bennett wins face-off versus Jay Beagle in NEW YORK I zone.
3:33 of 1st period - Shot by Ben Chiarot.
3:33 of 1st period - Shot Blocked by Johnny Boychuk.
3:35 of 1st period - Shot by Mark Letestu.
3:35 of 1st period - Goal by Mark Letestu - COLUMBUS : 1 - NEW YORK I : 0.
3:36 of 1st period - John Tavares wins face-off versus Sean Monahan in neutral zone.
4:02 of 1st period - Shot by John Tavares.
4:02 of 1st period - Shot Misses the Net.
4:53 of 1st period - John Carlson is hit by Brandon Saad and loses puck.
4:58 of 1st period - Shot by Jaromir Jagr.
4:58 of 1st period - Stopped by Scott Darling without a rebound.
4:59 of 1st period - Logan Couture wins face-off versus Leo Komarov in NEW YORK I zone.
5:03 of 1st period - Patrick Eaves is hit by Leo Komarov and loses puck.
5:31 of 1st period - Shot by Mark Letestu.
5:31 of 1st period - Shot Blocked by Logan Couture.
5:33 of 1st period - Shot by Radek Faksa.
5:33 of 1st period - Stopped by Scott Darling without a rebound.
5:34 of 1st period - Aleksander Barkov wins face-off versus Ryan Callahan in NEW YORK I zone.
5:47 of 1st period - Shot by Max Domi.
5:47 of 1st period - Deflect By Aleksander Barkov.
5:47 of 1st period - Shot Misses the Net.
6:15 of 1st period - Shot by Sam Bennett.
6:15 of 1st period - Shot Blocked by John Carlson.
6:43 of 1st period - Shot by Ryan Strome.
6:43 of 1st period - Shot Misses the Net.
7:03 of 1st period - Shot by Jonathan Drouin.
7:03 of 1st period - Stopped by Scott Darling without a rebound.
7:04 of 1st period - Radek Faksa wins face-off versus Logan Couture in NEW YORK I zone.
7:11 of 1st period - Shot by Mark Letestu.
7:11 of 1st period - Shot Misses the Net.
7:13 of 1st period - Shot by Jake McCabe.
7:13 of 1st period - Stopped by Scott Darling without a rebound.
7:14 of 1st period - Jay Beagle wins face-off versus Logan Couture in NEW YORK I zone.
7:32 of 1st period - Icing by Johnny Boychuk.
7:33 of 1st period - John Tavares wins face-off versus Logan Couture in NEW YORK I zone.
7:40 of 1st period - Shot by John Tavares.
7:40 of 1st period - Deflect By Jonathan Drouin.
7:40 of 1st period - Shot Blocked by Johnny Boychuk.
8:01 of 1st period - Icing by Radko Gudas.
8:02 of 1st period - Radek Faksa wins face-off versus Logan Couture in NEW YORK I zone.
8:03 of 1st period - Shot by Jake McCabe.
8:03 of 1st period - Stopped by Scott Darling without a rebound.
8:04 of 1st period - Radek Faksa wins face-off versus Sean Monahan in NEW YORK I zone.
8:34 of 1st period - Shot by Mark Letestu.
8:34 of 1st period - Stopped by Scott Darling without a rebound.
8:35 of 1st period - John Tavares wins face-off versus Logan Couture in NEW YORK I zone.
8:43 of 1st period - Icing by Johnny Boychuk.
8:44 of 1st period - Logan Couture wins face-off versus Andre Burakovsky in NEW YORK I zone.
8:54 of 1st period - Icing by John Carlson.
8:55 of 1st period - Sean Monahan wins face-off versus John Tavares in COLUMBUS zone.
9:09 of 1st period - Dustin Byfuglien is hit by Ryan Strome and loses puck.
9:28 of 1st period - Shot by Josh Bailey.
9:28 of 1st period - Stopped by Keith Kinkaid with a rebound.
11:06 of 1st period - Shot by Ryan Callahan.
11:06 of 1st period - Stopped by Keith Kinkaid without a rebound.
11:07 of 1st period - Sean Monahan wins face-off versus Radek Faksa in COLUMBUS zone.
11:14 of 1st period - Shot by Sean Monahan.
11:14 of 1st period - Stopped by Keith Kinkaid without a rebound.
11:15 of 1st period - Radek Faksa wins face-off versus Sean Monahan in COLUMBUS zone.
11:15 of 1st period - Radek Faksa is hit by Josh Bailey.
11:21 of 1st period - Sean Monahan is hit by Leo Komarov and loses puck.
11:26 of 1st period - Shot by Radek Faksa.
11:26 of 1st period - Stopped by Scott Darling without a rebound.
11:27 of 1st period - Logan Couture wins face-off versus John Tavares in NEW YORK I zone.
11:33 of 1st period - Radko Gudas is hit by Ben Chiarot and loses puck.
11:38 of 1st period - Shot by Brandon Saad.
11:38 of 1st period - Stopped by Keith Kinkaid with a rebound.
11:40 of 1st period - Shot by Logan Couture.
11:40 of 1st period - Shot Hit the Post.
11:42 of 1st period - Shot by Johnny Boychuk.
11:42 of 1st period - Stopped by Keith Kinkaid without a rebound.
11:43 of 1st period - Radek Faksa wins face-off versus Sean Monahan in COLUMBUS zone.
11:43 of 1st period - Radek Faksa is hit by Josh Bailey.
11:57 of 1st period - Josh Bailey is hit by Dustin Byfuglien and loses puck.
13:14 of 1st period - Shot by Andre Burakovsky.
13:14 of 1st period - Stopped by Scott Darling without a rebound.
13:15 of 1st period - Sam Bennett wins face-off versus Aleksander Barkov in NEW YORK I zone.
13:15 of 1st period - Sam Bennett is hit by Aleksander Barkov.
13:21 of 1st period - Shot by Esa Lindell.
13:21 of 1st period - Shot Misses the Net.
13:23 of 1st period - Shot by Sam Bennett.
13:23 of 1st period - Goal by Sam Bennett - COLUMBUS : 1 - NEW YORK I : 1.
13:24 of 1st period - Sam Bennett wins face-off versus Jay Beagle in neutral zone.
13:56 of 1st period - Icing by Mattias Ekholm.
13:57 of 1st period - Sean Monahan wins face-off versus Jay Beagle in COLUMBUS zone.
14:12 of 1st period - Shot by Jacob Trouba.
14:12 of 1st period - Shot Blocked by Radko Gudas.
14:16 of 1st period - Shot by Brian Boyle.
14:16 of 1st period - Deflect By Jay Beagle.
14:16 of 1st period - Shot Misses the Net.
14:25 of 1st period - Sean Monahan is hit by Aleksander Barkov and loses puck.
14:38 of 1st period - Shot by Jaromir Jagr.
14:38 of 1st period - Stopped by Scott Darling without a rebound.
14:39 of 1st period - John Tavares wins face-off versus Logan Couture in NEW YORK I zone.
14:55 of 1st period - Minor Penalty to Ben Chiarot for Roughing.
14:56 of 1st period - Ryan Strome wins face-off versus Jay Beagle in COLUMBUS zone.
16:07 of 1st period - Icing by Patrick Eaves.
16:08 of 1st period - Sean Monahan wins face-off versus Mark Letestu in NEW YORK I zone.
16:39 of 1st period - Off-side.
16:40 of 1st period - Jay Beagle wins face-off versus Ryan Strome in neutral zone.
16:53 of 1st period - Shot by Patrick Maroon.
16:53 of 1st period - Shot Blocked by Dustin Byfuglien.
16:55 of 1st period - Shot by Ryan Strome.
16:55 of 1st period - Stopped by Keith Kinkaid without a rebound.
16:56 of 1st period - Aleksander Barkov wins face-off versus Chris VandeVelde in COLUMBUS zone.
17:06 of 1st period - Minor Penalty to Jason Garrison for Holding Stick.
17:07 of 1st period - John Tavares wins face-off versus Sean Monahan in NEW YORK I zone.
17:40 of 1st period - Shot by John Tavares.
17:40 of 1st period - Shot Blocked by Radko Gudas.
17:42 of 1st period - Shot by John Carlson.
17:42 of 1st period - Shot Blocked by Johnny Boychuk.
17:44 of 1st period - Shot by Dustin Byfuglien.
17:44 of 1st period - Shot Misses the Net.
17:50 of 1st period - Shot by John Carlson.
17:50 of 1st period - Stopped by Scott Darling with a rebound.
17:52 of 1st period - Shot by John Carlson.
17:52 of 1st period - Shot Misses the Net.
17:54 of 1st period - Shot by John Tavares.
17:54 of 1st period - Goal by John Tavares - COLUMBUS : 2 - NEW YORK I : 1.
17:55 of 1st period - Aleksander Barkov wins face-off versus Logan Couture in neutral zone.
18:09 of 1st period - Shot by Logan Couture.
18:09 of 1st period - Shot Misses the Net.
19:18 of 1st period - Sam Bennett is hit by Jacob Trouba and loses puck.
19:25 of 1st period - Shot by Patrick Maroon.
19:25 of 1st period - Shot Blocked by Jacob Trouba.
19:47 of 1st period - Jacob Trouba is hit by Sean Monahan and loses puck.
Goals for this period are 2 for COLUMBUS vs 1 for NEW YORK I.
Shots for this period are 15 for COLUMBUS vs 8 for NEW YORK I.

2nd period


0:01 of 2nd period - John Tavares wins face-off versus Sean Monahan in neutral zone.
0:12 of 2nd period - Radko Gudas is hit by John Tavares and loses puck.
1:10 of 2nd period - Icing by Mattias Ekholm.
1:11 of 2nd period - Logan Couture wins face-off versus Aleksander Barkov in COLUMBUS zone.
1:42 of 2nd period - Shot by Logan Couture.
1:42 of 2nd period - Stopped by Keith Kinkaid without a rebound.
1:43 of 2nd period - Sam Bennett wins face-off versus Radek Faksa in COLUMBUS zone.
1:44 of 2nd period - Shot by Patrick Maroon.
1:44 of 2nd period - Stopped by Keith Kinkaid without a rebound.
1:45 of 2nd period - Radek Faksa wins face-off versus Patrick Maroon in COLUMBUS zone.
2:10 of 2nd period - Nicklas Grossmann is hit by Leo Komarov and loses puck.
2:19 of 2nd period - Shot by Radek Faksa.
2:19 of 2nd period - Deflect By Mark Letestu.
2:19 of 2nd period - Shot Misses the Net.
2:21 of 2nd period - Shot by Leo Komarov.
2:21 of 2nd period - Stopped by Scott Darling without a rebound.
2:22 of 2nd period - John Tavares wins face-off versus Logan Couture in NEW YORK I zone.
3:19 of 2nd period - Shot by Josh Bailey.
3:19 of 2nd period - Goal by Josh Bailey - COLUMBUS : 2 - NEW YORK I : 2.
3:20 of 2nd period - Aleksander Barkov wins face-off versus Sean Monahan in neutral zone.
3:47 of 2nd period - Shot by Jaromir Jagr.
3:47 of 2nd period - Deflect By Max Domi.
3:47 of 2nd period - Stopped by Scott Darling without a rebound.
3:48 of 2nd period - Sam Bennett wins face-off versus Radek Faksa in NEW YORK I zone.
4:21 of 2nd period - Icing by Radek Faksa.
4:22 of 2nd period - Radek Faksa wins face-off versus Logan Couture in COLUMBUS zone.
4:37 of 2nd period - Shot by Johnny Boychuk.
4:37 of 2nd period - Shot Misses the Net.
5:18 of 2nd period - Shot by Jonathan Drouin.
5:18 of 2nd period - Shot Blocked by Dan Hamhuis.
6:25 of 2nd period - Shot by Aleksander Barkov.
6:25 of 2nd period - Shot Misses the Net.
6:31 of 2nd period - Shot by Max Domi.
6:31 of 2nd period - Stopped by Scott Darling without a rebound.
6:32 of 2nd period - Logan Couture wins face-off versus Jay Beagle in NEW YORK I zone.
7:03 of 2nd period - Shot by Jay Beagle.
7:03 of 2nd period - Stopped by Scott Darling with a rebound.
7:05 of 2nd period - Shot by Jay Beagle.
7:05 of 2nd period - Shot Misses the Net.
7:07 of 2nd period - Shot by Jay Beagle.
7:07 of 2nd period - Goal by Jay Beagle - COLUMBUS : 3 - NEW YORK I : 2.
7:08 of 2nd period - Aleksander Barkov wins face-off versus Josh Bailey in neutral zone.
7:32 of 2nd period - Esa Lindell is hit by Jake McCabe and loses puck.
9:11 of 2nd period - Shot by Patrick Eaves.
9:11 of 2nd period - Stopped by Keith Kinkaid without a rebound.
9:12 of 2nd period - John Tavares wins face-off versus Sean Monahan in COLUMBUS zone.
9:12 of 2nd period - John Tavares is hit by Marcus Foligno.
10:34 of 2nd period - Brandon Saad is hit by Jake McCabe.
10:36 of 2nd period - Shot by Patrick Eaves.
10:36 of 2nd period - Shot Blocked by Ben Chiarot.
10:39 of 2nd period - Logan Couture is hit by Jake McCabe and loses puck.
10:47 of 2nd period - Icing by Jake McCabe.
10:48 of 2nd period - Aleksander Barkov wins face-off versus Sam Bennett in COLUMBUS zone.
11:43 of 2nd period - Ryan Strome is hit by Ben Chiarot and loses puck.
12:07 of 2nd period - Icing by Aleksander Barkov.
12:08 of 2nd period - Jaromir Jagr wins face-off versus Logan Couture in COLUMBUS zone.
12:34 of 2nd period - Minor Penalty to Esa Lindell for Holding.
12:35 of 2nd period - Sean Monahan wins face-off versus John Tavares in NEW YORK I zone.
13:04 of 2nd period - Shot by John Tavares.
13:04 of 2nd period - Shot Misses the Net.
13:06 of 2nd period - Shot by John Tavares.
13:06 of 2nd period - Stopped by Scott Darling without a rebound.
13:07 of 2nd period - Sean Monahan wins face-off versus John Tavares in NEW YORK I zone.
13:35 of 2nd period - Shot by Dustin Byfuglien.
13:35 of 2nd period - Shot Misses the Net.
13:53 of 2nd period - Shot by Jacob Trouba.
13:53 of 2nd period - Stopped by Scott Darling without a rebound.
13:54 of 2nd period - Sean Monahan wins face-off versus Aleksander Barkov in NEW YORK I zone.
14:14 of 2nd period - Shot by Aleksander Barkov.
14:14 of 2nd period - Shot Misses the Net.
14:16 of 2nd period - Shot by Mattias Ekholm.
14:16 of 2nd period - Stopped by Scott Darling without a rebound.
14:17 of 2nd period - John Tavares wins face-off versus Sean Monahan in NEW YORK I zone.
14:20 of 2nd period - Shot by John Tavares.
14:20 of 2nd period - Stopped by Scott Darling without a rebound.
14:21 of 2nd period - Sean Monahan wins face-off versus John Tavares in NEW YORK I zone.
14:29 of 2nd period - Icing by Dustin Byfuglien.
14:30 of 2nd period - Sean Monahan wins face-off versus John Tavares in COLUMBUS zone.
15:23 of 2nd period - Off-side.
15:24 of 2nd period - Sean Monahan wins face-off versus John Tavares in neutral zone.
16:29 of 2nd period - Minor Penalty to John Tavares for Holding.
16:30 of 2nd period - Jay Beagle wins face-off versus Sean Monahan in COLUMBUS zone.
17:19 of 2nd period - Ryan Strome is hit by Leo Komarov and loses puck.
17:36 of 2nd period - Shot by Johnny Boychuk.
17:36 of 2nd period - Stopped by Keith Kinkaid without a rebound.
17:37 of 2nd period - Radek Faksa wins face-off versus Ryan Strome in COLUMBUS zone.
17:53 of 2nd period - Off-side.
17:54 of 2nd period - Sean Monahan wins face-off versus Radek Faksa in neutral zone.
17:57 of 2nd period - Shot by Dan Hamhuis.
17:57 of 2nd period - Shot Misses the Net.
18:11 of 2nd period - Shot by Sean Monahan.
18:11 of 2nd period - Shot Misses the Net.
18:33 of 2nd period - Shot by Logan Couture.
18:33 of 2nd period - Stopped by Keith Kinkaid without a rebound.
18:34 of 2nd period - John Tavares wins face-off versus Patrick Maroon in COLUMBUS zone.
18:34 of 2nd period - Jonathan Drouin is hit by Patrick Maroon and loses puck.
19:14 of 2nd period - Shot by Jonathan Drouin.
19:14 of 2nd period - Shot Blocked by Jason Garrison.
19:16 of 2nd period - Shot by Ben Chiarot.
19:16 of 2nd period - Shot Blocked by Jason Garrison.
19:18 of 2nd period - Shot by John Tavares.
19:18 of 2nd period - Stopped by Scott Darling with a rebound.
19:43 of 2nd period - Aleksander Barkov is hit by Johnny Boychuk and loses puck.
19:50 of 2nd period - Mattias Ekholm is hit by Patrick Eaves.
Goals for this period are 1 for COLUMBUS vs 1 for NEW YORK I.
Shots for this period are 10 for COLUMBUS vs 6 for NEW YORK I.

3rd period


0:01 of 3rd period - John Tavares wins face-off versus Sean Monahan in neutral zone.
0:10 of 3rd period - Shot by Jonathan Drouin.
0:10 of 3rd period - Goal by Jonathan Drouin - COLUMBUS : 4 - NEW YORK I : 2.
0:11 of 3rd period - Radek Faksa wins face-off versus Logan Couture in neutral zone.
0:17 of 3rd period - Icing by Esa Lindell.
0:18 of 3rd period - John Tavares wins face-off versus Logan Couture in NEW YORK I zone.
0:41 of 3rd period - Shot by Brandon Saad.
0:41 of 3rd period - Shot Blocked by Dustin Byfuglien.
0:55 of 3rd period - Shot by Brandon Saad.
0:55 of 3rd period - Stopped by Keith Kinkaid without a rebound.
0:56 of 3rd period - Sean Monahan wins face-off versus Radek Faksa in COLUMBUS zone.
1:13 of 3rd period - Shot by Josh Bailey.
1:13 of 3rd period - Stopped by Keith Kinkaid without a rebound.
1:14 of 3rd period - Sam Bennett wins face-off versus Aleksander Barkov in COLUMBUS zone.
1:14 of 3rd period - Sam Bennett is hit by Ben Chiarot.
1:23 of 3rd period - Minor Penalty to Ben Chiarot for Hooking.
1:24 of 3rd period - Jay Beagle wins face-off versus Logan Couture in COLUMBUS zone.
1:37 of 3rd period - Shot by Patrick Eaves.
1:37 of 3rd period - Stopped by Keith Kinkaid without a rebound.
1:38 of 3rd period - Ryan Strome wins face-off versus Jay Beagle in COLUMBUS zone.
1:47 of 3rd period - Shot by Patrick Maroon.
1:47 of 3rd period - Stopped by Keith Kinkaid without a rebound.
1:48 of 3rd period - Jay Beagle wins face-off versus Sean Monahan in COLUMBUS zone.
3:21 of 3rd period - Shot by Brandon Saad.
3:21 of 3rd period - Stopped by Keith Kinkaid without a rebound.
3:22 of 3rd period - Jay Beagle wins face-off versus Sean Monahan in COLUMBUS zone.
3:39 of 3rd period - Shot by Jonathan Drouin.
3:39 of 3rd period - Stopped by Scott Darling without a rebound.
3:40 of 3rd period - Aleksander Barkov wins face-off versus Sam Bennett in NEW YORK I zone.
3:47 of 3rd period - Shot by Aleksander Barkov.
3:47 of 3rd period - Shot Misses the Net.
4:00 of 3rd period - Sam Bennett is hit by Jake McCabe and loses puck.
4:10 of 3rd period - Ryan Callahan is hit by Ben Chiarot.
4:12 of 3rd period - Shot by Sam Bennett.
4:12 of 3rd period - Stopped by Keith Kinkaid without a rebound.
4:13 of 3rd period - John Tavares wins face-off versus Sean Monahan in COLUMBUS zone.
4:15 of 3rd period - John Carlson is hit by Sean Monahan and loses puck.
4:17 of 3rd period - Minor Penalty to Josh Bailey for Roughing.
4:18 of 3rd period - John Tavares wins face-off versus Sean Monahan in NEW YORK I zone.
4:31 of 3rd period - Shot by John Tavares.
4:31 of 3rd period - Shot Misses the Net.
4:43 of 3rd period - Shot by John Carlson.
4:43 of 3rd period - Stopped by Scott Darling without a rebound.
4:44 of 3rd period - Sean Monahan wins face-off versus Aleksander Barkov in NEW YORK I zone.
4:44 of 3rd period - Sean Monahan is hit by Aleksander Barkov.
5:08 of 3rd period - Radko Gudas is hit by Aleksander Barkov and loses puck.
5:38 of 3rd period - Icing by Aleksander Barkov.
5:39 of 3rd period - Aleksander Barkov wins face-off versus Sean Monahan in COLUMBUS zone.
6:07 of 3rd period - Shot by John Tavares.
6:07 of 3rd period - Shot Misses the Net.
6:11 of 3rd period - Shot by John Tavares.
6:11 of 3rd period - Shot Misses the Net.
6:13 of 3rd period - Shot by John Carlson.
6:13 of 3rd period - Stopped by Scott Darling without a rebound.
6:14 of 3rd period - Patrick Eaves wins face-off versus John Tavares in NEW YORK I zone.
6:25 of 3rd period - Shot by Radek Faksa.
6:25 of 3rd period - Stopped by Scott Darling without a rebound.
6:26 of 3rd period - Radek Faksa wins face-off versus Logan Couture in NEW YORK I zone.
6:52 of 3rd period - Icing by Johnny Boychuk.
6:53 of 3rd period - John Tavares wins face-off versus Brandon Saad in NEW YORK I zone.
7:19 of 3rd period - Radko Gudas is hit by Jacob Trouba and loses puck.
7:26 of 3rd period - Shot by John Tavares.
7:26 of 3rd period - Stopped by Scott Darling without a rebound.
7:27 of 3rd period - Aleksander Barkov wins face-off versus Josh Bailey in NEW YORK I zone.
7:35 of 3rd period - Off-side.
7:36 of 3rd period - Sean Monahan wins face-off versus Aleksander Barkov in neutral zone.
7:56 of 3rd period - Icing by Ryan Strome.
7:57 of 3rd period - Sean Monahan wins face-off versus John Tavares in NEW YORK I zone.
8:01 of 3rd period - Dan Hamhuis is hit by Jonathan Drouin and loses puck.
8:18 of 3rd period - Shot by Sean Monahan.
8:18 of 3rd period - Shot Misses the Net.
8:20 of 3rd period - Shot by Ryan Strome.
8:20 of 3rd period - Shot Misses the Net.
9:28 of 3rd period - Shot by Leo Komarov.
9:28 of 3rd period - Stopped by Scott Darling with a rebound.
9:46 of 3rd period - Jake McCabe is hit by Patrick Eaves and loses puck.
10:05 of 3rd period - Shot by Aleksander Barkov.
10:05 of 3rd period - Stopped by Scott Darling without a rebound.
10:06 of 3rd period - Sean Monahan wins face-off versus Jay Beagle in NEW YORK I zone.
10:14 of 3rd period - Ryan Strome is hit by Jacob Trouba and loses puck.
10:19 of 3rd period - Shot by Josh Bailey.
10:19 of 3rd period - Shot Misses the Net.
10:24 of 3rd period - Minor Penalty to Jacob Trouba for Interference.
10:25 of 3rd period - Ryan Strome wins face-off versus Jay Beagle in COLUMBUS zone.
11:22 of 3rd period - Shot by Johnny Boychuk.
11:22 of 3rd period - Shot Blocked by Leo Komarov.
11:24 of 3rd period - Shot by Patrick Eaves.
11:24 of 3rd period - Goal by Patrick Eaves - COLUMBUS : 4 - NEW YORK I : 3.
11:25 of 3rd period - John Tavares wins face-off versus Sean Monahan in neutral zone.
11:41 of 3rd period - Minor Penalty to Eric Gryba for Roughing.
11:42 of 3rd period - Radek Faksa wins face-off versus Ryan Strome in COLUMBUS zone.
12:00 of 3rd period - Minor Penalty to Patrick Maroon for Hooking.
12:01 of 3rd period - John Tavares wins face-off versus Sean Monahan in NEW YORK I zone.
12:08 of 3rd period - Shot by Jonathan Drouin.
12:08 of 3rd period - Shot Misses the Net.
12:10 of 3rd period - Shot by John Carlson.
12:10 of 3rd period - Stopped by Scott Darling with a rebound.
12:24 of 3rd period - Shot by Jonathan Drouin.
12:24 of 3rd period - Shot Blocked by Johnny Boychuk.
12:26 of 3rd period - Shot by Jonathan Drouin.
12:26 of 3rd period - Shot Misses the Net.
13:10 of 3rd period - Shot by Aleksander Barkov.
13:10 of 3rd period - Stopped by Scott Darling without a rebound.
13:11 of 3rd period - Ryan Strome wins face-off versus John Tavares in NEW YORK I zone.
13:44 of 3rd period - Shot by Aleksander Barkov.
13:44 of 3rd period - Stopped by Scott Darling without a rebound.
13:45 of 3rd period - Aleksander Barkov wins face-off versus Sean Monahan in NEW YORK I zone.
14:04 of 3rd period - Shot by Mark Letestu.
14:04 of 3rd period - Shot Misses the Net.
14:06 of 3rd period - Shot by Mark Letestu.
14:06 of 3rd period - Shot Blocked by Nicklas Grossmann.
14:08 of 3rd period - Shot by Leo Komarov.
14:08 of 3rd period - Shot Misses the Net.
14:10 of 3rd period - Shot by Mark Letestu.
14:10 of 3rd period - Stopped by Scott Darling without a rebound.
14:11 of 3rd period - Aleksander Barkov wins face-off versus Logan Couture in NEW YORK I zone.
14:31 of 3rd period - Shot by Logan Couture.
14:31 of 3rd period - Stopped by Keith Kinkaid without a rebound.
14:32 of 3rd period - Sam Bennett wins face-off versus Radek Faksa in COLUMBUS zone.
14:57 of 3rd period - Shot by Sam Bennett.
14:57 of 3rd period - Deflect By Patrick Maroon.
14:57 of 3rd period - Shot Misses the Net.
15:10 of 3rd period - Minor Penalty to Patrick Maroon for Hooking.
15:11 of 3rd period - Sean Monahan wins face-off versus John Tavares in NEW YORK I zone.
15:38 of 3rd period - Shot by John Tavares.
15:38 of 3rd period - Shot Misses the Net.
15:40 of 3rd period - Shot by John Tavares.
15:40 of 3rd period - Stopped by Scott Darling with a rebound.
15:46 of 3rd period - Shot by Jacob Trouba.
15:46 of 3rd period - Stopped by Scott Darling without a rebound.
15:47 of 3rd period - Sean Monahan wins face-off versus Aleksander Barkov in NEW YORK I zone.
16:47 of 3rd period - Shot by Jacob Trouba.
16:47 of 3rd period - Stopped by Scott Darling without a rebound.
16:48 of 3rd period - John Tavares wins face-off versus Patrick Eaves in NEW YORK I zone.
17:11 of 3rd period - Shot by Jonathan Drouin.
17:11 of 3rd period - Shot Blocked by Jason Garrison.
17:50 of 3rd period - Shot by Sam Bennett.
17:50 of 3rd period - Stopped by Keith Kinkaid without a rebound.
17:51 of 3rd period - Aleksander Barkov wins face-off versus Sean Monahan in COLUMBUS zone.
18:06 of 3rd period - Shot by Dustin Byfuglien.
18:06 of 3rd period - Shot Misses the Net.
18:22 of 3rd period - Shot by Max Domi.
18:22 of 3rd period - Stopped by Scott Darling without a rebound.
18:23 of 3rd period - John Tavares wins face-off versus Logan Couture in NEW YORK I zone.
18:43 of 3rd period - Patrick Eaves is hit by Jacob Trouba and loses puck.
19:18 of 3rd period - NEW YORK I, Scott Darling is pulled from the net.
19:43 of 3rd period - Shot by Sean Monahan.
19:43 of 3rd period - Stopped by Keith Kinkaid without a rebound.
19:44 of 3rd period - Sean Monahan wins face-off versus Leo Komarov in COLUMBUS zone.
19:46 of 3rd period - Radko Gudas is hit by Dustin Byfuglien and loses puck.
19:55 of 3rd period - Shot by Sean Monahan.
19:55 of 3rd period - Deflect By Patrick Eaves.
19:55 of 3rd period - Stopped by Keith Kinkaid without a rebound.
19:56 of 3rd period - Sean Monahan wins face-off versus Jay Beagle in COLUMBUS zone.
Goals for this period are 1 for COLUMBUS vs 1 for NEW YORK I.
Shots for this period are 16 for COLUMBUS vs 11 for NEW YORK I.